 Dungeon Crawl Stone Soup version 0.32-a0-30-gefbe487952 (webtiles) character file.

Game seed: 10043423792457271638

7407 Curundu the Severer (level 10, 0/115 HPs)
             Began as a Minotaur Berserker on Jan 19, 2024.
             Was an Elder of Trog.
             Slain by a black mamba (13 damage)
             ... on level 1 of the Lair of Beasts.
             The game lasted 00:27:18 (8463 turns).

Curundu the Severer (Minotaur Berserker)            Turns: 8463, Time: 00:27:18

Health: 0/115      AC: 15    Str: 26    XL:     10   Next: 92%
Magic:  9/9        EV:  9    Int:  4    God:    Trog [****..]
Gold:   543        SH:  3    Dex: 10    Spells: 9/9 levels left

rFire   . . .        q - +1 war axe
rCold   . . .        w - +0 buckler
rNeg    . . .        e - +1 chain mail
rPois   .            (helmet restricted)
rElec   .            t - +0 cloak
rCorr   .            j - +2 pair of gloves
SInv    .            I - +0 pair of boots
Will    .....        (no amulet) Stlth
                     i - +4 ring of slaying
HPRegen 0.39/turn    (no ring)
MPRegen 0.11/turn

%: no passive effects
@: berserking, lethally poisoned (0 -> -35), very quick
A: horns 2, retaliatory headbutt
a: Renounce Religion, Berserk, Trog's Hand, Brothers in Arms


You were on level 1 of the Lair of Beasts.
You worshipped Trog.
Trog was greatly pleased with you.
You visited 2 branches of the dungeon, and saw 12 of its levels.

You collected 543 gold pieces.

Inventory:

Hand Weapons
 q - a +1 war axe (weapon)
Missiles
 s - 8 boomerangs (quivered)
Armour
 e - a +1 chain mail (worn)
 j - a +2 pair of gloves (worn)
 t - a +0 cloak (worn)
 w - a +0 buckler (worn)
 I - a +0 pair of boots (worn)
Jewellery
 i - a +4 ring of slaying (left hand)
 z - a ring of protection from fire
 B - a ring of positive energy
Wands
 m - a wand of charming (16)
 o - a wand of iceblast (8)
 v - a wand of flame (32)
 x - a wand of light (17)
 J - a wand of digging (3)
Scrolls
 b - 2 scrolls of enchant armour
 c - a scroll of poison
 d - 7 scrolls of teleportation
 r - 4 scrolls of fear
 y - a scroll of fog {unknown}
 A - 2 scrolls of blinking
 F - a scroll of immolation
Potions
 a - 2 potions of attraction
 f - 2 potions of degeneration
 g - 2 potions of ambrosia
 h - a potion of mutation
 k - 3 potions of lignification
 l - 3 potions of resistance
 n - 2 potions of cancellation
 p - 3 potions of curing
 u - 4 potions of enlightenment
 C - 2 potions of invisibility
 D - a potion of haste {unknown}
 E - 2 potions of heal wounds
 G - a potion of brilliance {unknown}


   Skills:
 - Level 3.6 Fighting
 + Level 19.6 Axes
 - Level 2.4 Armour
 - Level 2.1 Dodging


You had 9 spell levels left.
You didn't know any spells.
Your spell library was empty.

Dungeon Overview and Level Annotations

Branches:
Dungeon (10/15)            Temple (0/1) D:7            Lair (2/5) D:9
  Swamp: Lair:2-3    Shoals: Lair:2-3     Snake: Lair:2-3    Spider: Lair:2-3
    Orc: D:9-12

Altars:
Dithmenos
Hepliaklqana
Ru
Zin


Innate Abilities, Weirdness & Mutations

You have a pair of horns on your head.
You reflexively headbutt those who attack you in melee.


Message History

The black mamba poisons you!
The black bear goes berserk!
The black mamba bites you but does no damage.
You closely miss the black mamba.
The black mamba is lightly wounded.
You slash the black bear!
You feel very sick. You block the black mamba's attack.
The black bear bites you but does no damage.
The black bear claws you but does no damage.
The black bear claws you.
* * * LOW HITPOINT WARNING * * *
A red film seems to cover your vision as you go berserk!
You feel yourself moving faster!
You feel mighty!
You feel very sick.
The black mamba bites you but does no damage.
The black bear bites you.
* * * LOW HITPOINT WARNING * * *
The black bear claws you but does no damage. x2
The black mamba bites you.
* * * LOW HITPOINT WARNING * * *
You are lethally poisoned!
The black mamba poisons you!
The black bear bites you but does no damage.
The black bear claws you but does no damage.
The black bear claws you.
* * * LOW HITPOINT WARNING * * *
You hit the black mamba. You headbutt the black mamba!
The black mamba is moderately wounded.
You closely miss the black bear.
* * * LOW HITPOINT WARNING * * *
You feel very sick.
The black mamba bites you but does no damage.
You miss the black mamba. You headbutt the black mamba!!
The black mamba is almost dead.
You closely miss the black bear.
* * * LOW HITPOINT WARNING * * *
You feel very sick. You block the black bear's attack.
The black bear barely misses you. You block the black bear's attack.
The black mamba bites you!
You die...

.[.......................[.......
.................................
##..###########P#...#.#########P#
##### ###....## ### # #...## # #
#...# # # ### ### #...# #
###.####.########...#############
...............S@h...............
...............รท.................
.................................
####.####P###########...#.#######
########## ### #...########
###.##..##P###P######....##P##.##
.................................
.................................
.................................


You could see a black mamba and a black bear (berserk).

Vanquished Creatures
  A torpor snail (Lair:1)
  A cane toad (Lair:1)
  Maggie (D:9)
  Jeremiah (Lair:1)
  3 komodo dragons (Lair:1)
  A hornet (D:7)
  A troll (D:8)
  3 dream sheep (Lair:1)
  A wraith (D:9)
  4 yaks (Lair:1)
  2 death yak simulacra (Lair:1)
  Menkaure (D:5)
  3 water moccasins
  2 sky beasts
  An orc warrior (D:9)
  A black bear (Lair:1)
  2 ice beasts
  2 ogres
  2 wolves (D:9)
  2 centaurs (D:9)
  A phantom (D:6)
  2 kobold brigands
  3 bullfrogs
  4 scorpions
  10 wights
  3 killer bees (D:9)
  2 howler monkeys (D:8)
  A jelly (D:7)
  5 orc priests
  A gnoll bouda (D:4)
  2 hounds
  2 sleepcaps
  Ijyb (D:5)
  2 iguanas (D:5)
  3 orc wizards
  Robin (D:2)
  4 gnolls (D:4)
  10 adders
  2 white imps
  2 ufetubi (D:6)
  4 dart slugs
  A ribbon worm (D:3)
  25 orcs
  5 ball pythons
  8 endoplasms
  2 giant cockroaches
  12 goblins
  9 hobgoblins
  7 jackals
  8 bats
  4 frilled lizards
  12 kobolds
  2 rats
195 creatures vanquished.

Notes
Turn   | Place    | Note
-------+----------+-------------------------------------------
     0 | D:1      | Curundu the Minotaur Berserker began the quest for the Orb.
     0 | D:1      | Reached XP level 1. HP: 19/19 MP: 0/0
    41 | D:1      | Reached skill level 4 in Axes
   108 | D:1      | Reached XP level 2. HP: 26/26 MP: 1/1
   666 | D:1      | Reached ** piety under Trog
   668 | D:1      | Reached skill level 5 in Axes
   833 | D:1      | Reached XP level 3. HP: 29/31 MP: 2/2
   969 | D:2      | Noticed Robin
   989 | D:2      | Killed Robin
  1229 | D:2      | Reached skill level 6 in Axes
  1229 | D:2      | Reached XP level 4. HP: 39/39 MP: 3/3
  1763 | D:3      | Found a faded altar of an unknown god.
  2173 | D:4      | Reached skill level 7 in Axes
  2173 | D:4      | Reached XP level 5. HP: 28/45 MP: 4/4
  2175 | D:4      | Reached *** piety under Trog
  2437 | D:4      | Reached skill level 8 in Axes
  2533 | D:4      | Reached XP level 6. HP: 43/51 MP: 5/5
  2761 | D:5      | Entered Level 5 of the Dungeon
  2837 | D:5      | Noticed a water moccasin
  2843 | D:5      | Killed a water moccasin
  2844 | D:5      | Reached skill level 9 in Axes
  2977 | D:5      | Reached XP level 7. HP: 57/57 MP: 6/6
  3041 | D:5      | Noticed Menkaure
  3056 | D:5      | Killed Menkaure
  3057 | D:5      | Reached skill level 10 in Axes
  3115 | D:5      | Noticed Ijyb
  3123 | D:5      | Killed Ijyb
  3329 | D:5      | Found a sacrificial altar of Ru.
  3332 | D:5      | Found a glowing silver altar of Zin.
  3334 | D:5      | Found a shadowy altar of Dithmenos.
  3335 | D:5      | Found a hazy altar of Hepliaklqana.
  3642 | D:5      | Reached skill level 11 in Axes
  4037 | D:6      | Reached XP level 8. HP: 50/64 MP: 7/7
  4214 | D:6      | Reached skill level 12 in Axes
  4565 | D:7      | Reached skill level 13 in Axes
  4898 | D:7      | Found a staircase to the Ecumenical Temple.
  5123 | D:7      | Reached skill level 14 in Axes
  5193 | D:7      | Reached XP level 9. HP: 70/70 MP: 8/8
  5281 | D:7      | Paralysed by a hornet for 2 turns
  5600 | D:8      | Noticed a troll
  5606 | D:8      | Killed a troll
  5607 | D:8      | Reached skill level 15 in Axes
  5695 | D:8      | Reached **** piety under Trog
  6175 | D:9      | Reached skill level 16 in Axes
  6176 | D:9      | Found a staircase to the Lair.
  6504 | D:9      | Noticed Maggie
  6517 | D:9      | Killed Maggie
  6518 | D:9      | Reached skill level 17 in Axes
  6518 | D:9      | Reached XP level 10. HP: 77/77 MP: 9/9
  6851 | D:10     | Entered Level 10 of the Dungeon
  6913 | Lair:1   | Entered Level 1 of the Lair of Beasts
  7274 | Lair:1   | Noticed Jeremiah
  7293 | Lair:1   | Killed Jeremiah
  7294 | Lair:1   | Reached skill level 18 in Axes
  7324 | Lair:1   | Found a frozen archway.
  7555 | Lair:1   | Noticed a cane toad
  7560 | Lair:1   | Killed a cane toad
  7620 | Lair:1   | Noticed a torpor snail
  7660 | Lair:1   | Killed a torpor snail
  7661 | Lair:1   | Reached skill level 19 in Axes
  8162 | Lair:2   | Noticed a black mamba
  8463 | Lair:1   | Slain by a black mamba

Illustrated notes

Levels and vault maps discovered:
D:1:      psy_arrival_dodecagon, layout_loops_corners
D:2:      layout_rooms, uniq_robin
D:3:      layout_loops_ring, hellmonk_ecumenical_altar_heavens_door
D:4:      layout_rooms
D:5:      layout_basic, mainiacjoe_overflow_alcove_3, uniq_ijyb, uniq_menkaure
D:6:      layout_cave_pools
D:7:      layout_loops_ring, minmay_temple_entry_butterflies
D:8:      layout_rooms
D:9:      layout_roguey, erik_lair_orcish_takeover, uniq_maggie
D:10:     layout_irregular_city
Lair:1:   layout_long_grid, portal_ice_cave_entry_ice_simulacra, uniq_jeremiah
Lair:2:   layout_regular_city, swamp_mist, uniq_sonja

Skill      XL: |  1  2  3  4  5  6  7  8  9 10 |
---------------+-------------------------------+-----
Axes           | 4 5 6 7 8 9 11 14 17 19 | 19.6
Fighting       | |  3.6
Armour         | |  2.4
Dodging        | |  2.1

Action                     |  1- 3 |  4- 6 |  7- 9 | 10-12 || total
---------------------------+-------+-------+-------+-------++-------
  Melee: Hand axe          |    84 |    20 |       |       ||   104
         Headbutt          |     3 |    13 |    30 |    24 ||    70
         War axe           |       |    57 |   182 |    87 ||   326
  Throw: Boomerang         |       |       |       |    15 ||    15
 Invoke: Trog's Hand       |       |     1 |     6 |     2 ||     9
         Berserk           |       |       |     5 |     2 ||     7
    Use: Scroll            |     5 |     6 |     9 |     1 ||    21
 Armour: Animal skin       |     3 |       |       |       ||     3
         Chain mail        |    79 |    79 |   159 |    83 ||   400
  Dodge: Dodged            |    68 |    51 |    70 |    19 ||   208
  Block: Buckler           |       |       |    10 |    14 ||    24

Table legend: (Time is in decaauts)
 A = Elapsed time spent in this place.
 B = Non-inter-level travel time spent in this place.
 C = Inter-level travel time spent in this place.
 D = Time resting spent in this place.
 E = Time spent auto-exploring this place.
 F = Levels seen in this place.
 G = Mean time per level.
                   A        B        C        D        E       F      G
               +--------+--------+--------+--------+--------+-----+--------+
         Total |   8506 |   8506 |      0 |    901 |   5672 |  12 |  708.8 |
       Dungeon |   6951 |   6951 |      0 |    498 |   4803 |  10 |  695.1 |
          Lair |   1554 |   1554 |      0 |    403 |    869 |   2 |  777.0 |
               +--------+--------+--------+--------+--------+-----+--------+

Top non-repeatable levels by time:
  Lair:1: 1544 daAuts
     D:5: 1190 daAuts
     D:7: 1053 daAuts
     D:1: 941 daAuts
     D:9: 804 daAuts
     D:3: 658 daAuts
     D:4: 638 daAuts
     D:6: 635 daAuts
     D:2: 530 daAuts
     D:8: 497 daAuts
  Lair:2: 10 daAuts
    D:10: 1 daAuts
